 Dungeon Crawl Stone Soup version 0.28-b1-1-g3c77fb2ed1 (webtiles) character file.

Game seed: 12019354430079912270

34 belegose the Covert (level 3, -1/35 HPs)
             Began as a Gnoll Delver on Jan 31, 2022.
             Slain by an ufetubus (3 damage)
             ... on level 5 of the Dungeon.
             The game lasted 00:03:57 (778 turns).

belegose the Covert (Gnoll Delver)                   Turns: 778, Time: 00:03:58

Health: -1/35      AC:  3    Str: 13    XL:     3   Next: 31%
Magic:  4/4        EV: 13    Int:  9    God:
Gold:   28         SH:  0    Dex: 13    Spells: 3/3 levels left

rFire   . . .      SeeInvis .   a - +0 mace
rCold   . . .      Faith    .   (no shield)
rNeg    . . .      Spirit   .   b - +0 leather armour
rPois   +          Reflect  .   (no helmet)
rElec   .          Harm     .   (no cloak)
rCorr   .          Rampage  .   (no gloves)
Will    .....                   (no boots)
Stlth   ++++......              (no amulet)
HPRegen 0.11/turn               l - ring of poison resistance
MPRegen 0.09/turn               (no ring)

@: mighty, hasted, very quick
A: fangs 1, strong nose, distributed training
a: no special abilities


You were on level 5 of the Dungeon.
You visited 1 branch of the dungeon, and saw 4 of its levels.
You also visited: Sewer.

You collected 28 gold pieces.

Inventory:

Hand Weapons
 a - a +0 mace (weapon)
Missiles
 h - 19 stones (quivered)
Armour
 b - a +0 leather armour (worn)
 i - a +0 ring mail
Jewellery
 l - a ring of poison resistance (left hand)
Wands
 g - a wand of digging (3)
Scrolls
 c - a scroll of fog
 d - a scroll of magic mapping
 e - a scroll of fear
 j - a scroll of teleportation {unknown}
Potions
 k - a potion of might


   Skills:
 + Level 6.5 Fighting
 + Level 0.7 Short Blades
 + Level 0.7 Long Blades
 + Level 0.7 Axes
 + Level 4.5 Maces & Flails
 + Level 0.7 Polearms
 + Level 0.7 Staves
 + Level 0.7 Slings
 + Level 0.7 Bows
 + Level 0.7 Crossbows
 + Level 0.7 Throwing
 + Level 0.7 Armour
 + Level 4.5 Dodging
 + Level 9.5 Stealth
 + Level 0.7 Shields
 + Level 0.7 Unarmed Combat
 + Level 0.7 Spellcasting
 + Level 0.5 Conjurations
 + Level 0.5 Hexes
 + Level 0.5 Summonings
 + Level 0.5 Necromancy
 + Level 0.5 Translocations
 + Level 0.5 Transmutations
 + Level 0.5 Fire Magic
 + Level 0.5 Ice Magic
 + Level 0.5 Air Magic
 + Level 0.5 Earth Magic
 + Level 0.5 Poison Magic
 + Level 0.9 Invocations
 + Level 0.7 Evocations


You had 3 spell levels left.
You didn't know any spells.
Your spell library was empty.

Dungeon Overview and Level Annotations

Branches:
Dungeon (5/15)              Sewer (visited)
 Temple: D:4-7

Altars:

Annotations:
D:3 Robin


Innate Abilities, Weirdness & Mutations

You have very sharp teeth.
Your uncanny sense of smell can sniff out nearby items.
Your experience applies equally to all skills.


Message History

The ufetubus shouts!
The adder barely misses you. The endoplasm barely misses you.
The adder barely misses you. The endoplasm closely misses you.
The ufetubus hits you but does no damage.
The ufetubus barely misses you. The ufetubus misses you.
The ufetubus completely misses you.
There is a stone staircase leading down here.
The ufetubus closely misses you. The ufetubus barely misses you.
The endoplasm freezes you.
You are frozen.
The ufetubus barely misses you. The ufetubus hits you.
* * * LOW HITPOINT WARNING * * *
You climb downwards.
There is a stone staircase leading up here.
Unknown command.
You sock the endoplasm!
You kill the endoplasm!
The ufetubus barely misses you. The ufetubus misses you.
The ufetubus hits you but does no damage.
The ufetubus barely misses you.
You hit the ufetubus but do no damage. The ufetubus completely misses you.
The ufetubus hits you.
* * * LOW HITPOINT WARNING * * *
The ufetubus hits you.
* * * LOW HITPOINT WARNING * * *
The ufetubus barely misses you.
You hit the ufetubus but do no damage. The ufetubus closely misses you.
The ufetubus barely misses you.
The ufetubus hits you but does no damage.
The ufetubus misses you.
You closely miss the ufetubus. Your bite misses the ufetubus.
The ufetubus misses you. The ufetubus hits you.
* * * LOW HITPOINT WARNING * * *
It was a potion of might.
You feel very mighty all of a sudden. The ufetubus misses you.
The ufetubus closely misses you. The ufetubus misses you.
The ufetubus closely misses you.
You feel yourself speed up. The ufetubus barely misses you.
The ufetubus hits you.
You die...

#.#.# #.#..#
#.#.#####.#..#
##.........#..##
#....#######....
####.# ##... #.#
#≈≈≈ #.# #≈≈≈
#..###########.#
#≈≈≈
#.....<5@.....#
#≈≈≈
#############.#
#≈.≈ #.# #≈≈≈
#.# #≈≈≈ #.#
#≈≈≈ #.# #≈r≈
#.# #... ..#
##.# .## #?.


You could see an ufetubus.

Vanquished Creatures
  A hound skeleton (D:5)
  2 dart slugs (D:5)
  2 ball pythons
  3 endoplasms
  2 giant cockroaches (D:5)
  2 goblins (D:3)
  2 quokkas (D:5)
  A bat (D:3)
15 creatures vanquished.

Notes
Turn   | Place    | Note
-------+----------+-------------------------------------------
     0 | D:5      | Reached skill level 9 in Stealth
     0 | D:5      | belegose the Gnoll Delver began the quest for the Orb.
     0 | D:5      | Reached XP level 1. HP: 23/23 MP: 1/1
   103 | D:5      | Found a glowing drain.
   130 | Sewer    | Entered a sewer
   290 | Sewer    | Noticed Pargi
   328 | D:5      | Reached XP level 2. HP: 22/29 MP: 2/2
   462 | D:5      | Reached XP level 3. HP: 30/35 MP: 3/3
   698 | D:3      | Noticed Robin
   778 | D:5      | Slain by an ufetubus

Illustrated notes

Levels and vault maps discovered:
D:2:      layout_loops_corners, chequers_serial_rivers_micro_e,
          minmay_stone_trees_medium, columned_hall_lemuel,
          minmay_shallow_snake_nest, uniq_natasha
D:3:      layout_rooms, mainiacjoe_overflow_chevrons,
          nicolae_overflow_hallway_of_the_gods, chequers_serial_rivers_marsh,
          st_stairs_9, uniq_robin
D:4:      layout_gridville, minmay_temple_entry_wispy, kennysheep_path_1,
          chequers_arboretum, kennysheep_boxes
D:5:      layout_loops_ring, portal_sewer_entry_f, kennysheep_generic_room_9,
          uniq_eustachio, uniq_grinder, uniq_edmund

Skill      XL: | |
---------------+-+-----
Stealth        | |  9.5
Fighting       | |  6.5
Short Blades   | |  0.7
Long Blades    | |  0.7
Axes           | |  0.7
Maces & Flails | |  4.5
Polearms       | |  0.7
Staves         | |  0.7
Slings         | |  0.7
Bows           | |  0.7
Crossbows      | |  0.7
Throwing       | |  0.7
Armour         | |  0.7
Dodging        | |  4.5
Shields        | |  0.7
Unarmed Combat | |  0.7
Spellcasting   | |  0.7
Conjurations   | |  0.5
Hexes          | |  0.5
Summonings     | |  0.5
Necromancy     | |  0.5
Translocations | |  0.5
Transmutations | |  0.5
Fire Magic     | |  0.5
Ice Magic      | |  0.5
Air Magic      | |  0.5
Earth Magic    | |  0.5
Poison Magic   | |  0.5
Invocations    | |  0.9
Evocations     | |  0.7

Action                   || total
-------------------------++-------
Melee: Mace              ||    52
       Bite              ||     4
       Punch             ||     1
  Use: Potion            ||     2
 Stab: Sleeping          ||     2
Armor: Leather armour    ||    27
Dodge: Dodged            ||    92
